Map: Hardwire LE

Players

Vindicta - Winner!

  • Race: Terran Terran
  • League: Grandmaster

ModernMonkee

  • Race: Zerg Zerg
  • League: Grandmaster

VOD

Have the link to the VOD?

Description

Time

  • Played on: March 17, 2022, 5:33 p.m.
  • Length: 8:19
Show
View Real Time Build Order
Export as new Build Order

Vindicta Terran - Winner!

Build Orders: Reaper Expand, Hellion Banshee 

Get SALT Encoding   

  12  0:01  SCV  
  13  0:13  SCV  
  14  0:19  Supply Depot  
  14  0:25  SCV  
  15  0:41  SCV, Barracks  
  16  0:45  Refinery  
  16  0:53  SCV  
  17  1:05  SCV  
  18  1:17  SCV  
  19  1:29  Orbital Command  
  19  1:30  Reaper  
  20  1:42  Command Center  
  20  1:50  Supply Depot  
  20  1:56  SCV  
  21  2:02  Marine  
  22  2:08  SCV  
  22  2:13  Factory  
  23  2:21  SCV  
  25  2:30  Barracks Reactor  
  25  2:33  SCV  
  25  2:45  SCV  
  25  2:47  Command Center  
  26  2:55  Orbital Command  
  26  2:57  SCV  
  27  3:05  Starport  
  27  3:09  SCV  
  27  3:11  Refinery  
  28  3:14  Hellion  
  28  3:17  Hellion  
  32  3:22  SCV  
  32  3:23  SCV  
  32  3:24  Barracks Tech Lab  
  34  3:34  SCV  
  34  3:36  Hellion, SCV  
  34  3:38  Hellion  
  40  3:46  SCV  
  40  3:48  SCV  
  42  3:50  Cloaking Field  
  42  3:58  SCV  
  42  3:59  Banshee  
  42  4:00  Orbital Command, SCV  
  47  4:10  Hellion x2, SCV  
  47  4:12  SCV, Barracks Tech Lab  
  53  4:18  Supply Depot  
  53  4:23  SCV  
  54  4:24  SCV  
  54  4:30  SCV  
  56  4:35  SCV  
  56  4:36  SCV  
  56  4:37  Barracks  
  58  4:38  Barracks  
  58  4:40  Factory Reactor  
  58  4:42  Banshee, SCV  
  58  4:43  Supply Depot  
  62  4:47  SCV  
  62  4:51  Stimpack, SCV  
  64  4:54  SCV  
  64  4:55  Refinery x2  
  64  4:59  SCV  
  66  5:01  Engineering Bay  
  66  5:03  Engineering Bay  
  66  5:04  SCV  
  66  5:06  SCV  
  68  5:10  Supply Depot  
  68  5:11  SCV  
  69  5:16  SCV  
  69  5:17  Supply Depot  
  71  5:23  SCV  
  71  5:25  Orbital Command, Marine x2  
  71  5:28  SCV  
  75  5:31  Terran Infantry Armor Level 1, Terran Infantry Weapons Level 1  
  75  5:33  Starport Reactor, Marine x2  
  76  5:36  SCV  
  76  5:40  Barracks, SCV  
  76  5:41  Marine  
  79  5:43  Marine x2  
  79  5:44  Barracks  
  79  5:46  Supply Depot  
  79  5:48  SCV  
  82  5:51  SCV, Marine  
  82  5:52  SCV, Marine  
  82  5:53  Supply Depot  
  86  5:58  Siege Tank  
  86  6:00  SCV  
  86  6:02  Marine  
  86  6:03  SCV  
  93  6:07  SCV  
  93  6:09  Marine  
  95  6:12  SCV  
  95  6:13  Supply Depot  
  95  6:15  SCV, Supply Depot  
  95  6:18  Medivac x2  
  100  6:19  SCV  
  100  6:23  Refinery, Marine  
  100  6:24  SCV  
  103  6:27  SCV  
  103  6:29  Marine x2  
  103  6:31  Barracks Reactor x2, SCV  
  107  6:35  Armory, Marine  
  107  6:36  SCV  
  107  6:37  Siege Tank  
  107  6:38  Supply Depot, Marine  
  107  6:39  SCV  
  114  6:42  Marine  
  114  6:43  SCV  
  114  6:45  Supply Depot  
  114  6:46  Supply Depot  
  114  6:47  Supply Depot, Marine  
  116  6:49  SCV, Combat Shield  
  116  6:51  Medivac, SCV  
  121  6:56  SCV, Marine  
  121  6:57  Marine  
  121  6:58  Refinery, Marine  
  121  7:00  Medivac, Marine  
  121  7:01  SCV  
  129  7:03  SCV  
  129  7:04  Marine  
  129  7:08  SCV  
  132  7:09  Marine  
  132  7:10  Supply Depot  
  132  7:13  SCV, Marine, Siege Tank  
  132  7:14  Factory  
  138  7:15  Marine  
  138  7:18  Marine  
  138  7:20  Marine  
  138  7:21  Marine  
  142  7:23  Supply Depot  
  142  7:24  Command Center, Marine x2  
  144  7:43  SCV  
  126  7:44  Marine  
  126  7:45  Medivac  
  126  7:46  SCV x2  
  126  7:48  Marine x2  
  126  7:49  Marine x2  
  135  7:52  Marine  
  135  7:54  Barracks x2, Marine  
  135  7:56  Marine x2  
  135  7:57  Barracks  
  141  8:05  SCV  
  143  8:06  Factory Reactor  
Show
View Real Time Build Order
Export as new Build Order

ModernMonkee Zerg 

Build Orders: Hatch First 

Get SALT Encoding   

  12  0:00  Drone  
  13  0:12  Overlord  
  13  0:17  Drone  
  14  0:30  Drone x2  
  16  0:47  Hatchery  
  15  0:51  Drone  
  15  0:54  Drone  
  17  0:58  Drone  
  18  1:08  Extractor  
  17  1:13  Spawning Pool  
  17  1:16  Drone  
  17  1:19  Drone  
  18  1:27  Drone  
  19  1:39  Drone  
  20  1:48  Overlord  
  20  1:59  Queen  
  20  2:00  Queen  
  24  2:01  Zergling x4  
  26  2:14  Metabolic Boost  
  26  2:16  Drone x2  
  26  2:21  Drone  
  29  2:23  Drone  
  30  2:33  Hatchery  
  28  2:44  Queen  
  28  2:46  Overlord  
  28  2:48  Drone  
  28  2:50  Drone  
  32  2:52  Drone  
  32  2:55  Drone  
  32  2:58  Drone  
  35  3:04  Drone, Overlord  
  36  3:09  Drone x2  
  36  3:12  Drone  
  39  3:16  Zergling x4  
  41  3:20  Queen  
  43  3:27  Drone x2  
  45  3:35  Queen  
  45  3:37  Overlord  
  45  3:38  Drone x3  
  50  3:46  Queen  
  52  3:56  Queen  
  52  4:00  Zergling x4  
  52  4:02  Drone x6  
  62  4:14  Drone x4  
  66  4:19  Overlord x2  
  66  4:20  Extractor x2, Queen  
  68  4:30  Overlord x2  
  68  4:37  Queen  
  70  4:39  Zergling x2  
  70  4:40  Zergling x8  
  70  4:41  Zergling x2  
  70  4:42  Drone x2  
  70  4:45  Spore Crawler x2  
  76  4:46  Spore Crawler  
  76  4:47  Drone x3  
  76  4:51  Drone  
  76  4:52  Drone x2  
  81  4:59  Drone x4  
  85  5:06  Extractor  
  84  5:13  Drone x3  
  84  5:14  Extractor, Queen  
  89  5:17  Extractor  
  89  5:18  Extractor, Queen  
  89  5:19  Extractor, Overlord  
  89  5:20  Overlord x2  
  89  5:33  Drone  
  90  5:38  Drone x7  
  90  5:40  Lair  
  95  5:46  Drone x3  
  95  5:49  Drone x4, Evolution Chamber  
  101  5:50  Drone x2  
  101  5:51  Baneling Nest, Evolution Chamber  
  101  6:02  Pneumatized Carapace  
  101  6:03  Drone x3  
  102  6:12  Drone x5  
  102  6:14  Hatchery  
  102  6:16  Zerg Melee Weapons Level 1, Zerg Ground Armor Level 1  
  100  6:27  Drone x9  
  106  6:34  Drone  
  106  6:37  Overlord  
  106  6:39  Overseer  
  107  6:43  Overseer  
  107  6:44  Centrifugal Hooks  
  107  6:46  Baneling x9  
  108  6:47  Drone x2  
  108  6:48  Zergling x10  
  114  6:57  Zergling x2  
  114  6:58  Zergling x10  
  120  7:11  Zergling x2  
  120  7:12  Zergling x2  
  120  7:13  Baneling x8  
  122  7:18  Spore Crawler  
  122  7:22  Hydralisk Den  
  120  7:24  Overseer  
  120  7:25  Overseer  
  120  7:26  Overlord x7  
  120  7:27  Overlord  
  120  7:28  Zergling x8  
  123  7:43  Zergling x16  
  123  7:44  Zergling x4  
  111  7:52  Zergling x2  
  111  7:53  Zergling x10  
  111  7:56  Baneling x4  
  116  8:00  Zergling x4  
Tags
 
Add a new tag
Caveats
  • Supply blocks, unpowered buildings, or Contaminate may cause inaccurate times.
  • Supply counts are checked every 10 seconds.